 Dungeon Crawl Stone Soup version 0.32-a0-576-g706899e69d (webtiles) character file.

Game seed: 5670838459098439527

394 Maxmaps the Ducker (level 6, -2/47 HPs)
             Began as a Demonspawn Shapeshifter on Mar 1, 2024.
             Slain by Pikel
             ... wielding a +2 whip of freezing
              (5 damage)
             ... on level 4 of the Dungeon.
             The game lasted 00:03:21 (3169 turns).

Maxmaps the Ducker (Demonspawn Shapeshifter)        Turns: 3169, Time: 00:03:22

Health: -2/47      AC:  5    Str: 14    XL:     6   Next: 52%
Magic:  6/6        EV: 13    Int: 13    God:
Gold:   249        SH:  5    Dex: 16    Spells: 5/5 levels left

rFire   + + .        n - +4 trident "Wixyke Gout" {venom, rF+ Dex+4}
rCold   . . .        e - +1 buckler {reflect}
rNeg    . . .        r - +0 ring mail
rPois   .            (helmet currently unavailable)
rElec   .            (cloak currently unavailable)
rCorr   .            (gloves currently unavailable)
SInv    .            (boots currently unavailable)
Will    .....        (no amulet)
Stlth   +            i - ring of protection from fire
HPRegen 0.27/turn    (no ring)
MPRegen 0.10/turn

%: reflection
@: beast-form
A: beast (slay +1), spiny 2, sturdy frame 1, demonic touch 2
a: Begin Untransformation


You were on level 4 of the Dungeon.
You were a hulking beast.
You visited 1 branch of the dungeon, and saw 5 of its levels.

You collected 249 gold pieces.

Inventory:

Hand Weapons
 n - the +4 trident "Wixyke Gout" (weapon) {venom, rF+ Dex+4}
   (You found it on level 3 of the Dungeon)

   Dex+4:     It affects your dexterity (+4).
   rF+:       It protects you from fire.
Armour
 a - a +0 animal skin
 e - a +1 buckler of reflection (worn)
 r - a +0 ring mail (worn)
 s - a +0 kite shield
Jewellery
 i - a ring of protection from fire (left hand)
Talismans
 c - a beast talisman (active)
 d - a flux talisman
Scrolls
 f - 3 scrolls of teleportation
 g - a scroll of revelation {unknown}
 l - a scroll of torment
 m - 2 scrolls of identify
 q - a scroll of enchant weapon {unknown}
 t - a scroll of acquirement
Potions
 b - a potion of lignification
 h - a potion of might
 j - a potion of heal wounds
 k - 3 potions of curing
 o - a potion of enlightenment {unknown}
 p - a potion of berserk rage {unknown}


   Skills:
 - Level 3.0 Fighting
 + Level 1.9 Armour
 - Level 5.1 Dodging
 - Level 3.0 Unarmed Combat
 - Level 2.6 Shapeshifting


You had 5 spell levels left.
You didn't know any spells.
Your spell library contained the following spells:

 Spells                   Type           Power      Damage    Failure   Level
 Sandblast                Erth           0%         2d4       52%         1
 Lesser Beckoning         Tloc           0%         N/A       67%         2
 Gell's Gravitas          Tloc           0%         N/A       88%         3
 Passwall                 Erth           0%         N/A       88%         3
 Stone Arrow              Conj/Erth      0%         3d7       88%         3
 Teleport Other           Tloc           0%         N/A       88%         3
 Brom's Barrelling Bould  Conj/Erth      0%         2d3       99%         4


Dungeon Overview and Level Annotations

Branches:
Dungeon (5/15)
 Temple: D:4-7

Altars:
Wu Jian

Annotations:
D:4 Pikel


Innate Abilities, Weirdness & Mutations

You are a hulking beast.
Your limbs bulge with bestial killing power. (Slay +1)
You are mostly covered in sharp spines.
Your movements are slightly less encumbered by armour. (ER -2)
Your touch may inflict irresistible damage on your foes.


Message History

You hit the scorpion.
The scorpion is poisoned.
The scorpion is almost dead.
You kill the scorpion!
You barely miss Pikel.
Pikel is lightly wounded.
Pikel is struck by your spines. Pikel barely misses you.
You closely miss Pikel.
Pikel is lightly wounded.
Pikel is struck by your spines. Pikel barely misses you.
Pikel hits you with a +2 whip of freezing.
Pikel freezes you.
You hit Pikel.
Pikel is poisoned.
Pikel is moderately wounded.
Pikel hits you with a +2 whip of freezing!
Pikel freezes you.
You are too injured to fight recklessly!
You hit Pikel.
Pikel looks as sick as possible!
Pikel is moderately wounded.
You block Pikel's attack.
You puncture Pikel!
Pikel looks as sick as possible!
Pikel is severely wounded.
Pikel says, "You'll make a fine lemure."
Pikel is struck by your spines. Pikel closely misses you.
Pikel hits you with a +2 whip of freezing.
* * * LOW HITPOINT WARNING * * *
Pikel freezes you.
* * * LOW HITPOINT WARNING * * *
Pikel misses you.
You climb upwards.
There is a stone staircase leading down here.
You completely miss Pikel.
Pikel is almost dead.
Pikel closely misses you.
You hit Pikel.
Pikel looks as sick as possible!
Pikel is almost dead.
Pikel hits you with a +2 whip of freezing!
* * * LOW HITPOINT WARNING * * *
Pikel freezes you.
You die...
Pikel says, "See you in Hell!"

#......# #...........# #......#
#...........# #......#
#...........# #......#
#...........# #......#
#...........#
###......##########...........#
..+......'......[#......†.....#
#.#......###)###.#...#...######
..............).hK...#...#
......##.#.#.###.#...#...#
......##...### #.#...#...#
......##...# #.#...#...#
########.#######.#...#...# ..#
####.#.......#.).#...# ..#
#....#.#####.#...#...#
#.######.#.# #.##'##...#
#..........# #.##.##...#


You could see Pikel (extremely poisoned).

Vanquished Creatures
  Duvessa (D:4)
  A lemure (D:5)
  Blork the orc (D:4)
  A scorpion (D:5)
  Dowan (D:4)
  4 adders
  2 ribbon worms
  5 dart slugs (D:1)
  3 orcs (D:4)
  7 bats
  4 endoplasms
  3 giant cockroaches
  7 goblins
  5 hobgoblins
  14 kobolds
  2 quokkas
  8 ball pythons
  A frilled lizard (D:1)
  8 rats
78 creatures vanquished.

Notes
Turn   | Place    | Note
-------+----------+-------------------------------------------
     0 | D:1      | Maxmaps the Demonspawn Shapeshifter began the quest for the
                  | Orb.
     0 | D:1      | Reached XP level 1. HP: 15/15 MP: 1/1
   111 | D:1      | Gained mutation: Your touch may inflict minor irresistible
                  | damage on your foes. [demonic ancestry]
   111 | D:1      | Reached XP level 2. HP: 22/22 MP: 2/2
   391 | D:1      | Gained mutation: You are partially covered in sharp spines.
                  | [demonic ancestry]
   391 | D:1      | Reached XP level 3. HP: 29/29 MP: 3/3
  1110 | D:2      | Reached skill level 2 in Dodging
  1537 | D:2      | Found a faded altar of an unknown god.
  1705 | D:3      | Identified a scroll of acquirement
  1705 | D:3      | Acquired a +1 buckler of reflection
  1819 | D:3      | Gained mutation: Your touch may inflict irresistible damage
                  | on your foes. [demonic ancestry]
  1819 | D:3      | Reached XP level 4. HP: 32/35 MP: 4/4
  1914 | D:3      | Identified the +7 sling of Flawed Execution {antimagic, rC-
                  | Str+3 Int+5}
  2015 | D:3      | Identified the +4 trident "Wixyke Gout" {venom, rF+ Dex+4}
  2363 | D:3      | Found an ornate altar of the Wu Jian Council.
  2597 | D:4      | Noticed Blork the orc
  2605 | D:4      | Killed Blork the orc
  2606 | D:4      | Reached skill level 3 in Dodging
  2606 | D:4      | Gained mutation: Your movements are slightly less
                  | encumbered by armour. (ER -2) [demonic ancestry]
  2606 | D:4      | Reached XP level 5. HP: 28/41 MP: 5/5
  2698 | D:4      | Noticed Duvessa
  2704 | D:4      | Noticed Dowan
  2712 | D:4      | Killed Duvessa
  2713 | D:4      | Reached skill level 4 in Dodging
  2718 | D:4      | Killed Dowan
  2719 | D:4      | Reached skill level 5 in Dodging
  2719 | D:4      | Gained mutation: You are mostly covered in sharp spines.
                  | [demonic ancestry]
  2719 | D:4      | Reached XP level 6. HP: 47/47 MP: 6/6
  3074 | D:4      | Reached skill level 1 in Armour
  3134 | D:5      | Entered Level 5 of the Dungeon
  3145 | D:5      | Noticed Pikel
  3169 | D:4      | Slain by Pikel

Illustrated notes

Levels and vault maps discovered:
D:1:      scummos_arrival_star, layout_basic
D:2:      wad_crossroads, layout_loops_ring,
          dreamdust_ecumenical_altar_angels_and_demons
D:3:      layout_basic, nzn_wu_jian_council_hall
D:4:      layout_basic, uniq_duvessa, uniq_blork_the_orc
D:5:      cheibrodos_quashed, layout_loops_ring, mainiacjoe_overflow_boulevard,
          uniq_grinder, uniq_pikel

Skill      XL: |  1  2  3  4  5  6 |
---------------+-------------------+-----
Fighting       | 2 3 |  3.0
Unarmed Combat | 3 |  3.0
Dodging        | 2 3 5 |  5.1
Armour         | 1 |  1.9
Shapeshifting  | |  2.6

Action                     |  1- 3 |  4- 6 || total
---------------------------+-------+-------++-------
  Melee: Unarmed           |    91 |     6 ||    97
         Touch             |    12 |       ||    12
         Punch             |     2 |       ||     2
         Trident           |       |    80 ||    80
    Use: Scroll            |     9 |       ||     9
         Potion            |       |     2 ||     2
   Stab: Sleeping          |     5 |     3 ||     8
 Armour: Animal skin       |    35 |    21 ||    56
         Skin              |       |    10 ||    10
         Ring mail         |       |    15 ||    15
  Dodge: Dodged            |    39 |    39 ||    78
  Block: Buckler           |     1 |    15 ||    16

Table legend: (Time is in decaauts)
 A = Elapsed time spent in this place.
 B = Non-inter-level travel time spent in this place.
 C = Inter-level travel time spent in this place.
 D = Time resting spent in this place.
 E = Time spent auto-exploring this place.
 F = Levels seen in this place.
 G = Mean time per level.
                   A        B        C        D        E       F      G
               +--------+--------+--------+--------+--------+-----+--------+
         Total |   3190 |   3000 |    190 |     56 |   2423 |   5 |  638.0 |
       Dungeon |   3190 |   3000 |    190 |     56 |   2423 |   5 |  638.0 |
               +--------+--------+--------+--------+--------+-----+--------+

Top non-repeatable levels by time:
     D:2: 849 daAuts
     D:1: 840 daAuts
     D:3: 776 daAuts
     D:4: 687 daAuts
     D:5: 36 daAuts
